 Dungeon Crawl Stone Soup version 0.25.1-11-g244df3a29b (webtiles) character file.

Game seed: 9996593874128273342

357 kate the Covered (level 6, 43/43 HPs)
             Began as a Demonspawn Fighter on Feb 19, 2024.
             Was an Initiate of Hepliaklqana.
             Starved to death
             ... on level 3 of the Dungeon.
             The game lasted 00:05:36 (3508 turns).

kate the Covered (Demonspawn Fighter)               Turns: 3508, Time: 00:05:36

Health: 43/43      AC: 13    Str: 19    XL:     6   Next: 36%
Magic:  6/6        EV: 10    Int:  9    God:    Hepliaklqana [......]
Gold:   192        SH:  0    Dex: 12    Spells: 5/5 levels left

rFire    . . .     SeeInvis .   p - +4 quarterstaff (chaos)
rCold    . . .     Gourm    .   (shield currently unavailable)
rNeg     . . .     Faith    .   b - +0 scale mail
rPois    +         Spirit   .   (no helmet)
rElec    .         Reflect  .   (no cloak)
rCorr    .         Harm     .   (no gloves)
MR       .....                  (no boots)
Stlth    ++........             e - amulet of inaccuracy (curse)
HPRegen  0.14/turn              h - +4 ring of protection
MPRegen  0.10/turn              i - ring of poison resistance

@: fainting
A: reduced essence, talons 1, icy blue scales 1, nightstalker 2, powered by pain
1
a: Recall Ancestor, Ancestor Identity, Renounce Religion


You were on level 3 of the Dungeon.
You worshipped Hepliaklqana.
Hepliaklqana was noncommittal.
You were fainting.

You visited 1 branch of the dungeon, and saw 3 of its levels.

You collected 192 gold pieces.

Inventory:

Hand Weapons
 a - a +0 trident
 p - a +4 quarterstaff of chaos (weapon)
Missiles
 n - 13 poisoned darts (quivered)
Armour
 b - a +0 scale mail (worn)
 c - a +0 kite shield
Jewellery
 e - a cursed amulet of inaccuracy (around neck)
 h - a +4 ring of protection (left hand)
 i - a ring of poison resistance (right hand)
Wands
 q - a wand of iceblast (9)
Scrolls
 f - a scroll of enchant weapon {unknown}
 g - 2 scrolls of remove curse {unknown}
 j - a scroll of fear {unknown}
 k - a scroll of noise {unknown}
 l - 2 scrolls of enchant armour {unknown}
 m - 6 scrolls of identify {unknown}
Potions
 d - 3 potions of might
 o - a potion of brilliance {unknown}
 r - 2 potions of lignification {unknown}


   Skills:
 + Level 3.9 Fighting
 + Level 3.7 Polearms
 + Level 4.1 Armour
 + Level 1.0 Dodging
 + Level 0.7 Stealth
 + Level 3.6 Shields


You had 5 spell levels left.
You didn't know any spells.
Your spell library was empty.

Dungeon Overview and Level Annotations

Branches:
Dungeon (3/15)

Altars:
Hepliaklqana
Nemelex Xobeh
Yredelemnul
The Shining One


Innate Abilities, Weirdness & Mutations

You have sharp toenails.
You are partially covered in icy blue scales. (AC +2)
You are significantly more attuned to the shadows.
You sometimes gain a little power by taking damage.
Your life essence is reduced to manifest your ancestor. (-10% HP)


Message History

You now have 178 gold pieces (gained 14).
Things that are here:
a cursed -1 club; a stone
Found a hazy altar of Hepliaklqana.
A bat comes into view.
You lose consciousness!
You can move again.
There is a hazy altar of Hepliaklqana here.
You kneel at the altar of Hepliaklqana.
There is a hazy altar of Hepliaklqana here.
You kneel at the altar of Hepliaklqana.
Hepliaklqana welcomes you!
Hepliaklqana forms a fragment of your life essence into the memory of your ancestor, Mettia!
You can now recall your ancestor.
You can now remember your ancestor's identity.
You need to eat something NOW!
Found 14 gold pieces.
You now have 192 gold pieces (gained 14).
You have starved to death.
You die...

##################
#.R...............
#.################
###### #@#
.............
##########.#####.#####
...........# #.#
##########.# #.# #.#
#.# #.# #+##. #.#
##..... #.# #.......


You could see the friendly Mettia the ancestor.

Vanquished Creatures
  Sigmund (D:2)
  Crazy Yiuf (D:2)
  2 orc priests (D:3)
  Ijyb (D:3)
  Robin (D:2)
  2 adders (D:2)
  A worm (D:2)
  A leopard gecko (D:1)
  3 orcs (D:3)
  4 giant cockroaches
  7 hobgoblins
  4 jackals (D:1)
  2 quokkas
  2 bats
  2 frilled lizards (D:1)
  16 goblins
  6 kobolds
  5 rats
61 creatures vanquished.

Notes
Turn   | Place    | Note
-------+----------+-------------------------------------------
     0 | D:1      | kate the Demonspawn Fighter began the quest for the Orb.
     0 | D:1      | Reached XP level 1. HP: 18/18 MP: 1/1
   513 | D:1      | Gained mutation: You have sharp toenails. [demonic
                  | ancestry]
   513 | D:1      | Reached XP level 2. HP: 24/24 MP: 2/2
   517 | D:1      | Reached skill level 3 in Armour
  1053 | D:2      | Gained mutation: You are slightly more attuned to the
                  | shadows. [demonic ancestry]
  1053 | D:2      | Reached XP level 3. HP: 29/29 MP: 3/3
  1181 | D:2      | Found a glowing golden altar of the Shining One.
  1200 | D:2      | Found a basalt altar of Yredelemnul.
  1200 | D:2      | Noticed Sigmund
  1224 | D:2      | Killed Sigmund
  1224 | D:2      | Gained mutation: You are significantly more attuned to the
                  | shadows. [demonic ancestry]
  1224 | D:2      | Reached XP level 4. HP: 5/35 MP: 4/4
  1224 | D:2      | Gained mutation: You are partially covered in icy blue
                  | scales. (AC +2) [demonic ancestry]
  1224 | D:2      | Reached XP level 5. HP: 6/41 MP: 5/5
  1709 | D:2      | Noticed Robin
  1760 | D:2      | Killed Robin
  2188 | D:2      | Found a sparkling altar of Nemelex Xobeh.
  2329 | D:2      | Found a runed translucent door.
  2331 | D:2      | Noticed Crazy Yiuf
  2675 | D:2      | Killed Crazy Yiuf
  3021 | D:3      | Gained mutation: You sometimes gain a little power by
                  | taking damage. [demonic ancestry]
  3021 | D:3      | Reached XP level 6. HP: 48/48 MP: 6/6
  3024 | D:3      | Reached skill level 4 in Armour
  3037 | D:3      | Reached skill level 1 in Dodging
  3353 | D:3      | Noticed Ijyb
  3375 | D:3      | Killed Ijyb
  3390 | D:3      | Paralysed by fainting for 9 turns
  3399 | D:3      | Paralysed by fainting for 9 turns
  3428 | D:3      | Found a hazy altar of Hepliaklqana.
  3443 | D:3      | Paralysed by fainting for 6 turns
  3456 | D:3      | Became a worshipper of Hepliaklqana the Forgotten
  3508 | D:3      | Starved to death

Illustrated notes

Levels and vault maps discovered:
D:1:      dpeg_arrival_tiny_c, layout_rooms, kennysheep_doodads
D:2:      layout_basic, old_standard_altar, lemuel_doored_altar,
          nemelex_xobeh_ov_fountains_minmay, uniq_robin,
          uniq_crazy_yiuf_cottage, uniq_sigmund
D:3:      minmay_bubble_buster, layout_basic, old_standard_altar,
          chequers_temple_overflow_statue_of_worship, uniq_ijyb

Skill      XL: |  1  2  3  4  5  6 |
---------------+-------------------+-----
Armour         | 3 4 |  4.1
Polearms       | 2 3 |  3.7
Shields        | 3 |  3.6
Dodging        | 1 |  1.0
Fighting       | |  3.9
Stealth        | |  0.7

Action                   |  1- 3 |  4- 6 || total
-------------------------+-------+-------++-------
Melee: Trident           |    85 |    94 ||   179
       Kick              |    12 |    26 ||    38
       Quarterstaff      |       |    32 ||    32
 Stab: Sleeping          |       |     2 ||     2
  Eat: Chunk             |     1 |     1 ||     2
       Ration            |       |     1 ||     1
Armor: Scale mail        |    67 |    76 ||   143
Dodge: Dodged            |    35 |    47 ||    82
Block: Kite shield       |    55 |    83 ||   138
